Map: Eternal Empire LE

Players

Dem

  • Race: Terran Terran
  • League: Diamond
  • Spawn Location: 1:00

DANKCRAFT - Winner!

  • Race: Terran Terran
  • League: Platinum
  • Spawn Location: 7:00

VOD

Have the link to the VOD?

Description

Time

  • Played on: July 21, 2020, 11:51 p.m.
  • Length: 39:43
Show
View Real Time Build Order
Export as new Build Order

Dem Terran 

Build Orders: Reaper Expand 

Get SALT Encoding   

  12  0:01  SCV  
  13  0:13  SCV  
  14  0:20  Supply Depot  
  14  0:25  SCV  
  15  0:42  SCV  
  16  0:43  Barracks  
  16  0:47  Refinery  
  16  0:54  SCV  
  17  1:06  SCV  
  18  1:18  SCV  
  19  1:31  Reaper  
  20  1:36  Command Center  
  20  1:46  Orbital Command  
  20  1:55  Refinery  
  20  2:10  Reaper  
  21  2:19  SCV, Supply Depot  
  22  2:26  Factory  
  21  2:35  SCV  
  22  2:47  SCV  
  22  3:00  Barracks Reactor  
  22  3:02  SCV  
  22  3:03  Orbital Command  
  23  3:06  Refinery  
  23  3:27  Hellion, Bunker  
  24  3:31  SCV  
  24  3:33  Starport  
  24  3:34  SCV  
  26  3:39  Engineering Bay  
  26  3:43  SCV  
  27  3:49  Factory Tech Lab  
  27  3:57  Supply Depot  
  27  3:58  Reaper x2  
  27  4:00  SCV x2  
  31  4:09  Missile Turret  
  31  4:12  SCV  
  32  4:17  Cyclone  
  32  4:20  Viking  
  37  4:30  Supply Depot  
  37  4:41  SCV x2, Marine  
  40  4:49  Siege Tank  
  37  5:20  Marine x2  
  39  5:30  Cyclone  
  39  5:32  Starport Reactor  
  42  5:38  SCV x2  
  44  5:44  Bunker  
  44  5:46  Marine x2  
  46  5:50  SCV x2  
  46  5:55  Supply Depot  
  48  6:02  SCV  
  48  6:03  Siege Tank  
  48  6:04  Marine x2  
  39  6:51  Cyclone  
  39  6:53  Marine  
  39  6:54  Viking, Marine  
  36  6:55  Viking  
  36  6:56  SCV x2  
  42  7:03  Bunker  
  42  7:14  Missile Turret  
  40  7:24  Supply Depot  
  40  7:25  Supply Depot  
  39  7:41  Siege Tank  
  42  7:47  SCV  
  44  7:51  Viking, Liberator  
  44  7:54  Marine x2  
  50  8:05  Command Center  
  50  8:39  Missile Turret  
  50  8:41  Bunker  
  47  8:55  SCV  
  47  9:16  SCV, Siege Tank  
  51  9:17  Viking x2  
  55  9:25  Supply Depot  
  55  9:48  Supply Depot, Siege Tank  
  56  10:15  Orbital Command  
  56  10:19  Refinery  
  49  10:43  SCV  
  49  10:44  SCV  
  49  10:46  Supply Depot  
  51  10:55  Viking x2, SCV  
  51  10:56  SCV  
  57  10:57  Siege Tank  
  57  10:58  Marine  
  57  11:00  Command Center  
  61  11:08  SCV  
  62  11:15  Supply Depot  
  62  11:21  Supply Depot  
  62  11:23  SCV x2  
  64  11:30  Viking x2  
  68  11:35  SCV, Fusion Core  
  68  11:38  SCV  
  70  11:40  Armory  
  70  11:41  Starport  
  70  11:44  Missile Turret  
  70  11:55  Cyclone  
  70  11:57  Marine  
  70  12:00  Viking x2  
  78  12:04  SCV x2  
  80  12:17  SCV x2  
  82  12:29  SCV, Refinery  
  83  12:33  Starport Tech Lab  
  83  12:34  Missile Turret  
  83  12:35  Missile Turret  
  83  12:36  Missile Turret, Refinery  
  83  12:41  Planetary Fortress  
  83  12:48  SCV x2  
  85  13:02  Battlecruiser  
  91  13:09  Starport  
  91  13:11  Supply Depot  
  83  13:28  SCV x2  
  83  13:31  Siege Tank  
  88  13:40  SCV x2  
  90  13:46  Starport Tech Lab  
  90  13:51  Starport  
  90  13:52  SCV  
  90  13:53  SCV  
  90  13:54  Armory  
  90  13:55  Terran Vehicle And Ship Armor Level 1  
  92  14:04  SCV  
  92  14:06  Factory  
  93  14:14  Factory  
  93  14:19  Battlecruiser  
  93  14:22  SCV  
  100  14:29  SCV  
  101  14:34  Battlecruiser  
  101  14:36  Starport Tech Lab  
  107  14:41  Supply Depot  
  107  14:50  Factory Reactor  
  107  14:54  Command Center  
  107  14:57  Factory Reactor  
  107  14:58  Infernal Pre-Igniter  
  107  15:03  Hellion  
  107  15:07  Battlecruiser  
  115  15:12  Supply Depot  
  115  15:14  Terran Ship Weapons Level 1  
  115  15:16  Supply Depot  
  115  15:19  SCV x2  
  117  15:24  Hellion  
  111  15:45  Hellion  
  113  15:51  Hellion x2  
  117  15:59  Raven  
  117  16:00  Battlecruiser  
  117  16:02  Viking x2  
  129  16:07  Hellion  
  129  16:08  Missile Turret  
  131  16:17  Hellion x4  
  139  16:21  Battlecruiser  
  145  16:28  Hellion  
  147  16:35  SCV x3  
  150  16:48  Planetary Fortress  
  150  16:54  Hellion x3  
  156  16:55  Battlecruiser  
  156  16:56  Refinery, Missile Turret x3  
  156  16:58  Missile Turret  
  156  17:00  Refinery  
  162  17:32  Battlecruiser  
  159  17:59  Command Center  
  159  18:22  Viking x2  
  159  18:24  Battlecruiser  
  144  18:35  Thor  
  139  18:44  Battlecruiser  
  135  19:05  Command Center  
  129  19:11  Viking  
  130  19:23  Thor  
  81  20:06  Thor  
  71  21:11  Refinery  
  71  21:34  Orbital Command  
  67  22:36  SCV  
  68  22:42  SCV  
  68  22:43  SCV  
  70  22:48  SCV  
  70  22:55  SCV x2  
  71  23:00  SCV  
  72  23:07  SCV x2  
  74  23:13  SCV  
  75  23:57  SCV x2  
  77  24:04  SCV  
  77  24:09  SCV x2  
  82  24:24  Hellion  
  82  24:35  SCV x2  
  82  24:38  Orbital Command  
  84  24:52  SCV  
  85  25:03  SCV  
  85  25:04  SCV  
  85  25:05  SCV  
  88  25:09  Hellion  
  90  25:15  SCV  
  91  25:29  Hellion  
  91  25:30  Hellion  
  91  25:31  SCV, Hellion  
  88  26:15  Planetary Fortress  
  88  26:16  SCV x2  
  74  27:34  SCV x2  
  74  27:35  SCV  
  77  27:40  Thor  
  83  27:46  SCV, Terran Vehicle And Ship Armor Level 2  
  83  27:47  SCV x2  
  86  27:59  SCV  
  86  28:04  SCV  
  88  28:15  Factory Tech Lab  
  88  28:32  Refinery  
  88  28:35  SCV x2, Command Center  
  90  28:47  SCV x2  
  92  28:59  SCV  
  81  29:06  Orbital Command  
  74  29:39  Thor x2  
  74  29:45  SCV x2  
  88  29:54  Supply Depot  
  88  29:57  SCV, Bunker  
  89  30:24  SCV x2  
  91  30:31  Refinery  
  91  30:33  Refinery  
  91  30:36  SCV x2, Missile Turret  
  93  30:48  SCV x2  
  95  31:00  SCV x2  
  88  31:12  SCV x2  
  90  31:24  SCV  
  90  31:25  SCV  
  80  31:42  SCV  
  80  31:43  SCV  
  82  31:55  SCV x2  
  84  32:07  SCV x2  
  41  32:49  Orbital Command  
  26  33:58  SCV x2  
  28  34:30  SCV  
  29  34:42  SCV  
  30  34:54  SCV  
  13  36:01  Marine x2  
  15  36:16  Orbital Command  
  15  36:19  Marine x2  
  16  37:07  Barracks  
  16  37:12  SCV  
  17  37:24  SCV  
  20  37:37  Marauder  
  22  37:58  Marauder  
  22  38:04  SCV  
  23  38:08  Refinery  
  23  38:16  SCV  
  17  38:28  SCV  
Show
View Real Time Build Order
Export as new Build Order

DANKCRAFT Terran - Winner!

Build Orders: Liberator Opening 

Get SALT Encoding   

  12  0:01  SCV  
  13  0:13  SCV  
  14  0:25  SCV  
  15  0:33  Supply Depot  
  15  0:36  Refinery  
  15  0:54  SCV  
  16  0:58  Barracks  
  16  1:06  SCV  
  17  1:18  SCV  
  18  1:31  SCV  
  19  1:43  SCV  
  19  1:45  Supply Depot  
  20  1:56  SCV  
  21  2:10  Factory  
  21  2:12  SCV  
  22  2:16  Reaper  
  22  2:20  Refinery  
  23  2:24  SCV  
  24  2:37  SCV  
  25  2:43  Supply Depot  
  25  2:48  Reaper  
  25  3:00  Starport, Factory Tech Lab  
  25  3:03  SCV  
  26  3:12  Bunker  
  25  3:26  Siege Tank  
  29  3:36  Supply Depot  
  29  3:38  Command Center  
  29  3:48  Liberator  
  31  3:51  SCV  
  31  3:55  Marine  
  32  4:01  Hellion  
  35  4:03  SCV  
  36  4:13  Marine  
  37  4:31  Marine, Liberator  
  41  4:48  Siege Tank  
  35  5:15  Viking  
  35  5:20  Siege Tank  
  39  5:29  Marine  
  40  5:45  Viking  
  40  5:47  Marine  
  43  5:53  Cyclone, Orbital Command  
  43  5:54  Orbital Command  
  39  6:51  Viking  
  39  6:52  Siege Tank  
  44  7:15  Armory  
  44  7:16  Supply Depot  
  44  7:19  SCV x2  
  46  7:24  Siege Tank  
  49  7:31  SCV x2  
  48  7:43  SCV x2  
  48  7:48  Viking  
  50  7:55  SCV x2  
  52  7:59  Factory  
  52  8:04  Barracks x2  
  52  8:05  Barracks x2  
  52  8:06  Supply Depot  
  52  8:07  SCV  
  52  8:08  SCV  
  54  8:18  Viking  
  54  8:19  SCV  
  51  8:32  SCV  
  52  8:44  SCV  
  45  9:11  Cyclone  
  45  9:13  SCV  
  47  9:18  Barracks Reactor  
  47  9:20  Barracks Reactor, Barracks Tech Lab  
  47  9:21  Barracks Reactor  
  47  9:25  SCV  
  47  9:26  Supply Depot  
  47  9:27  Supply Depot  
  47  9:30  Supply Depot  
  47  9:31  Supply Depot, Marine  
  49  9:36  Command Center  
  49  9:37  SCV  
  49  9:38  Refinery  
  50  9:40  Refinery  
  50  9:43  Cyclone  
  53  9:48  Marine  
  54  10:05  Marine  
  54  10:06  Marine x4  
  59  10:08  Stimpack  
  59  10:09  Marine x2  
  58  10:23  Marine  
  58  10:24  Marine x4  
  58  10:27  Marine x2  
  65  10:34  Starport Tech Lab  
  65  10:41  Marine  
  65  10:42  Supply Depot, Marine x2  
  65  10:43  Fusion Core  
  65  10:44  Marine x2  
  65  10:45  Marine x2  
  65  10:48  Factory Reactor  
  65  10:49  Factory Tech Lab  
  69  10:59  Marine  
  69  11:01  Marine x2  
  72  11:11  Supply Depot x3  
  72  11:12  Supply Depot  
  72  11:24  Marine  
  72  11:25  Marine x5  
  78  11:35  SCV x3  
  81  11:45  Engineering Bay  
  81  11:47  SCV x2  
  81  11:48  SCV, Battlecruiser  
  81  11:51  Weapon Refit  
  81  11:54  Marine x6  
  90  11:55  Marine  
  90  11:59  SCV  
  90  12:00  SCV x2  
  100  12:12  SCV x3  
  102  12:24  SCV x2  
  104  12:30  Missile Turret x2  
  104  12:31  Missile Turret  
  104  12:33  Marine x3  
  104  12:34  Bunker, Marine x4  
  111  12:40  Supply Depot  
  111  12:44  Ghost Academy  
  111  12:50  Factory  
  111  12:51  Marine x4, Factory  
  111  12:52  Battlecruiser  
  111  12:53  Factory  
  111  12:54  Supply Depot  
  121  13:03  Planetary Fortress  
  98  13:33  Missile Turret  
  98  13:34  Missile Turret  
  98  13:36  Refinery x2, Missile Turret  
  98  13:37  Personal Cloaking  
  98  13:41  Ghost Academy  
  98  13:46  Ghost  
  100  13:49  SCV  
  100  13:53  SCV  
  102  13:56  Battlecruiser  
  108  14:05  SCV  
  109  14:17  Factory Tech Lab x3  
  109  14:25  Nuke  
  109  14:41  SCV  
  110  14:53  SCV, Cyclone x4  
  110  14:57  Mag-Field Accelerator  
  123  15:00  Battlecruiser  
  123  15:03  Nuke  
  128  15:25  Cyclone  
  130  15:30  Nuke  
  130  15:37  Command Center  
  130  15:41  Command Center  
  130  15:55  Cyclone x3  
  139  15:57  Cyclone  
  139  15:58  Marine  
  139  15:59  Marine  
  139  16:00  Marine x5  
  149  16:05  Battlecruiser  
  155  16:16  Marine  
  155  16:17  Marine  
  157  16:28  Cyclone x3  
  164  16:48  Ghost  
  166  17:17  Ghost  
  166  17:20  Sensor Tower  
  168  17:26  Sensor Tower, Siege Tank  
  168  17:27  Siege Tank  
  155  17:45  Ghost  
  157  18:05  Nuke  
  157  18:19  Planetary Fortress  
  139  18:47  Missile Turret  
  139  18:55  Missile Turret, Siege Tank  
  139  18:56  Siege Tank x2  
  139  18:57  Missile Turret x2  
  97  19:54  Widow Mine x3  
  97  19:55  Widow Mine  
  98  20:05  Missile Turret  
  98  20:06  Missile Turret  
  86  20:07  Missile Turret  
  86  20:11  Missile Turret x2  
  80  20:16  Widow Mine x4  
  83  20:22  Armory  
  83  20:27  Missile Turret  
  83  20:28  Missile Turret  
  79  20:29  Missile Turret  
  70  20:37  Widow Mine x4  
  64  20:46  Marine  
  64  20:47  Marine  
  64  20:48  Marine x3  
  61  21:00  Barracks  
  61  21:01  Barracks  
  63  21:04  Marine  
  63  21:05  Barracks x2  
  63  21:06  SCV  
  52  21:18  SCV  
  52  21:22  Factory  
  52  21:24  Marine x4  
  52  21:25  Marine, Factory  
  57  21:26  Barracks  
  57  21:30  SCV  
  58  21:42  SCV x2, Marine x4  
  58  21:43  Missile Turret  
  64  21:54  SCV  
  64  21:55  SCV  
  63  22:05  Refinery  
  63  22:06  Refinery  
  60  22:11  Factory Tech Lab  
  60  22:12  Factory, Factory Tech Lab  
  60  22:13  Factory  
  59  22:19  Command Center  
  57  22:41  Armory  
  46  23:06  Missile Turret  
  46  23:14  Supply Depot x2  
  46  23:15  Supply Depot, Factory Tech Lab  
  46  23:16  Supply Depot  
  46  23:18  Factory Tech Lab  
  46  23:20  Supply Depot  
  46  23:35  Marine x4  
  46  23:36  SCV  
  51  23:43  Thor  
  51  23:48  SCV  
  58  23:53  Marine x3  
  61  23:57  Missile Turret  
  61  23:59  Missile Turret  
  61  24:00  SCV  
  62  24:03  Marine  
  64  24:10  SCV  
  64  24:11  Marine x2  
  64  24:12  SCV  
  67  24:21  Thor  
  73  24:24  SCV  
  74  24:36  SCV  
  74  24:37  Thor  
  81  25:01  Missile Turret  
  81  25:09  SCV  
  81  25:12  Supply Depot  
  82  25:19  SCV  
  83  25:34  Thor  
  88  25:44  Thor  
  93  25:59  Missile Turret  
  93  26:00  Missile Turret  
  93  26:01  Missile Turret x2  
  93  26:02  Planetary Fortress, Missile Turret  
  93  26:05  Barracks  
  93  26:06  Thor  
  92  26:13  Barracks Tech Lab  
  92  26:14  Barracks Tech Lab  
  92  26:15  Barracks Tech Lab  
  92  26:25  Ghost Academy  
  92  26:28  Ghost Academy  
  92  26:32  Refinery  
  92  26:35  Refinery  
  90  27:07  Supply Depot  
  90  27:08  Supply Depot x2  
  88  27:09  Supply Depot x2  
  79  27:28  Thor  
  79  27:29  Thor x2  
  97  27:36  Barracks Tech Lab  
  91  27:38  Ghost x3  
  97  27:46  SCV  
  98  27:54  Nuke x2  
  98  27:55  Ghost  
  98  27:58  SCV  
  101  28:10  SCV, Sensor Tower  
  102  28:37  SCV  
  102  28:38  Thor  
  102  28:40  Thor  
  115  28:49  SCV  
  116  29:01  SCV  
  117  29:20  Nuke  
  117  29:22  Nuke  
  117  29:26  Ghost Academy  
  117  29:29  Ghost Academy  
  117  29:37  Ghost  
  117  30:15  Ghost  
  117  30:16  Supply Depot x2  
  117  30:19  Supply Depot  
  117  30:20  Supply Depot  
  117  30:25  Missile Turret  
  117  30:37  Thor x2  
  117  30:40  Thor x2  
  141  30:43  Supply Depot  
  141  30:44  Supply Depot  
  141  31:05  Nuke x2  
  141  31:08  Nuke  
  85  31:34  Thor x2  
  83  32:12  Thor x2  
  72  32:35  SCV  
  73  32:47  SCV  
  59  32:59  SCV  
  60  33:11  SCV  
  50  34:15  Widow Mine  
  50  34:16  Widow Mine  
  54  34:56  Siege Tank  
  35  35:34  SCV  
  30  35:53  Siege Tank  
  30  35:56  SCV  
  34  36:08  SCV  
  35  36:20  SCV  
  36  36:26  Refinery  
  34  36:41  SCV  
  34  36:44  Refinery  
  35  36:53  SCV  
  36  37:05  SCV  
  35  37:12  Siege Tank  
  40  37:15  Hellion  
  40  37:34  Nuke  
  42  37:37  Hellion  
  42  38:31  Ghost  
Tags
 
Add a new tag
Caveats
  • Supply blocks, unpowered buildings, or Contaminate may cause inaccurate times.
  • Supply counts are checked every 10 seconds.